 Dungeon Crawl Stone Soup version 0.22.1-1-ga44c0e56f4 (webtiles) character file.

242 serious the Skirmisher (level 5, 0/42 HPs)
             Began as a Demonspawn Abyssal Knight on Oct 31, 2018.
             Was a Believer of Lugonu.
             Slain by an orc
             ... wielding a +0 mace
              (1 damage)
             ... on level 4 of the Dungeon.
             The game lasted 00:08:40 (3020 turns).

serious the Skirmisher (Demonspawn Abyssal Knight)  Turns: 3020, Time: 00:08:41

Health: 0/42       AC:  3    Str: 13    XL:     5   Next: 81%
Magic:  0/6        EV: 12    Int: 14    God:    Lugonu [**....]
Gold:   143        SH:  0    Dex: 12    Spells: 4/4 levels left

rFire    . . .     SeeInvis .   a - +2 falchion
rCold    . . .     Gourm    .   (no shield)
rNeg     . . .     Faith    .   b - +0 leather armour
rPois    .         Spirit   +   (no helmet)
rElec    .         Reflect  .   (no cloak)
rCorr    .         Harm     +   (no gloves)
MR       .....                  (no boots)
Stlth    +.........             l - amulet of harm
HPRegen  0.14/turn              (no ring)
MPRegen  0.10/turn              (no ring)

@: no status effects
A: hooves 2, magic shield
a: Depart the Abyss, Bend Space, Renounce Religion


You were on level 4 of the Dungeon.
You worshipped Lugonu.
Lugonu was pleased with you.
You were not hungry.

You visited 1 branch of the dungeon, and saw 4 of its levels.
You visited the Abyss 1 time.

You collected 143 gold pieces.

Inventory:

Hand Weapons
 a - a +2 falchion (weapon)
Missiles
 d - a throwing net (quivered)
Armour
 b - a +0 leather armour (worn)
Jewellery
 l - an amulet of harm (around neck)
Wands
 n - a wand of flame (16)
Scrolls
 f - a scroll of teleportation
 i - a scroll of immolation
 k - 2 scrolls of identify
Potions
 h - a potion of curing
 j - 2 potions of haste {unknown}
 q - a potion of cancellation
Comestibles
 c - 8 rations
 p - 9 chunks of flesh


   Skills:
 + Level 4.1 Fighting
 + Level 3.1 Long Blades
 + Level 3.1 Armour
 + Level 2.6 Dodging
 - Level 2.4 Invocations


You had 4 spell levels left.
You didn't know any spells.
Your spell library was empty.

Dungeon Overview and Level Annotations

Branches:
Dungeon (4/15)
 Temple: D:4-7

Altars:
Fedhas
Vehumet


Innate Abilities, Weirdness & Mutations

You have hoof-like feet.
When hurt, damage is shared between your health and your magic reserves.


Message History

The orc priest calls down the wrath of Beogh upon you.
You barely resist. You hit the orc priest.
You kick the orc priest, but do no damage.
The orc priest is almost dead.
The orc closely misses you.
The orc priest hits you but does no damage.
You slash the orc priest!
You kill the orc priest!
Lugonu accepts your kill. The orc hits you with a mace.
* * * LOW HITPOINT WARNING * * *
The orc throws a tomahawk of returning.
The tomahawk of returning hits you.
* * * LOW HITPOINT WARNING * * *
The weapon returns to the orc!
The orc hits you with a mace.
* * * LOW HITPOINT WARNING * * *
An orc wizard comes into view. It is wielding a long sword.
The orc hits you with a mace.
You die...

#..##....#
#..##.#
.........#
#.###.#
.)....(..# #.#
#.#
.........###.#
#.#
..........##)#
#)# #
..........#..#
#.# #.
###.##.#...## .#
#.###. #ooo...#
#<....##.#@##.#
#....#.#.##.#
#......#..#.#
####...o(###.#..
..o......## .###
..o.......# .#
..##o.....# .#
.........(...#
.?##........>..


You could see an orc wizard and 2 orcs.

Vanquished Creatures
  An orc wizard (D:4)
  2 orc priests
  An iguana (D:4)
  A hound skeleton (D:4)
  A howler monkey skeleton (D:3)
  2 adders
  A dart slug (D:1)
  3 leopard geckos
  12 orcs
  4 giant cockroaches
  4 goblins
  8 hobgoblins
  5 kobolds
  A ball python (D:2)
  7 bats
  7 frilled lizards
  A quokka skeleton (D:4)
  A quokka zombie (D:4)
  9 rats
71 creatures vanquished.

Notes
Turn   | Place    | Note
-------+----------+-------------------------------------------
     0 | Abyss:1  | serious the Demonspawn Abyssal Knight began the quest for
                  | the Orb.
     0 | Abyss:1  | Reached XP level 1. HP: 18/18 MP: 2/2
    61 | D:1      | Escaped the Abyss
   117 | D:1      | Reached skill level 1 in Dodging
   149 | D:1      | Gained mutation: You have large cloven feet. [demonic
                  | ancestry]
   149 | D:1      | Reached XP level 2. HP: 16/24 MP: 3/3
   689 | D:2      | Reached ** piety under Lugonu
   740 | D:2      | Gained mutation: When hurt, damage is shared between your
                  | health and your magic reserves. [demonic ancestry]
   740 | D:2      | Reached XP level 3. HP: 20/29 MP: 4/4
   978 | D:2      | Found a blossoming altar of Fedhas.
  1052 | D:2      | Found a radiant altar of Vehumet.
  1088 | D:2      | Found a faded altar of an unknown god.
  1389 | D:3      | Gained mutation: You have hoof-like feet. [demonic
                  | ancestry]
  1389 | D:3      | Reached XP level 4. HP: 3/36 MP: 1/5
  2822 | D:4      | Reached XP level 5. HP: 39/42 MP: 6/6
  2876 | D:4      | Reached skill level 4 in Fighting
  3020 | D:4      | HP: 1/42 [orc/mace (4)]
  3020 | D:4      | Slain by an orc

Skill      XL: |  1  2  3  4  5 |
---------------+----------------+-----
Dodging        | 1 2 |  2.6
Long Blades    | 2 3 |  3.1
Armour         | 2 3 |  3.1
Fighting       | 4 |  4.1
Invocations    | |  2.4

Action                   |  1- 3 |  4- 6 || total
-------------------------+-------+-------++-------
Melee: Falchion          |    95 |    83 ||   178
       Kick              |    20 |    25 ||    45
  Use: Potion            |     1 |     1 ||     2
       Scroll            |       |     6 ||     6
  Eat: Chunk             |     1 |     6 ||     7
Armor: Leather armour    |    38 |    16 ||    54
Dodge: Dodged            |    93 |    52 ||   145
       Rpst.: Falchion   |    30 |    15 ||    45
